cohdb
Replays
Latest Replays
All Replays
Popular Replays
Top Player Replays
Match Explorer
How It Works
Community
CoH3 Stats
Reddit
Sign in to upload your games and track your stats! →
Sign in with Steam
1
Match 29092572
Overview
Messages
Build Orders
End
Construct Barracks
Selects Armored Battlegroup
Selects Veteran Crews
1⁄4-ton 4x4 Truck
Riflemen Squad
Riflemen Squad
Riflemen Squad
Mechanized Support Center
Construct Medical Station
M1 Mortar Team
Grenade Package
Construct Motor Pool
Selects Fast Deploy
Engineer Squad
M8 Greyhound Armored Car
Levi
masterhex
0
0
Comments
sign in to comment!
No comments posted yet!